 Dungeon Crawl Stone Soup version 0.17-a0-1970-g7a13dd1 (webtiles) character file.

56 Gorice the Magician (level 3, -1/21 HPs)
             Began as an Octopode Wanderer on Oct 4, 2015.
             Slain by an adder (4 damage)
             ... on level 2 of the Dungeon.
             The game lasted 00:12:28 (2031 turns).

Gorice the Magician (Octopode Wanderer)             Turns: 2031, Time: 00:12:28

Health: -1/21      AC:  1    Str: 11    XL:     3   Next: 95%
Magic:  7/9        EV: 11    Int: 16    God:
Gold:   106        SH:  0    Dex: 10    Spells: 2 memorised, 10 levels left

rFire  . . .     SeeInvis .     Z - 66 stones
rCold  . . .     Clarity  .     (no shield)
rNeg   . . .     SustAt   .     (helmet restricted)
rPois  .         Gourm    .     (no amulet)
rElec  .         Spirit   .     (no ring)
rCorr  .         Warding  .     (no ring)
rMut   .         Stasis   .     (no ring)
MR     .....                    (no ring)
Stlth  +++.......               (no ring)
                                (no ring)
                                (no ring)
                                (no ring)

@: very slightly contaminated, not resistant to hostile enchantments, fairly
stealthy
A: almost no armour, amphibious, 8 rings, constrict 8, camouflage 1, gelatinous
body 1
a: no special abilities


You were on level 2 of the Dungeon.
You were not hungry.

You visited 1 branch of the dungeon, and saw 3 of its levels.

You collected 106 gold pieces.

Inventory:

Hand weapons
 a - a +3 whip of electrocution
   (You took it off a kobold on level 2 of the Dungeon)
Missiles
 Z - 66 stones (in tentacle)
Scrolls
 c - a scroll of teleportation {!r}
 j - a scroll of random uselessness
 t - 2 scrolls of remove curse
Potions
 q - a potion of mutation {unknown}
 u - a potion of agility {unknown}
Books
 b - the Catalogue of Calling

   Spells                             Type                      Level
   a - Summon Butterflies             Summoning                    1
   b - Call Imp                       Summoning                    2
 d - a book of Geomancy
Comestibles
 e - a bread ration {!e}
 f - 2 slices of pizza
 g - 3 chunks of flesh
 h - a meat ration {!e}
 n - a royal jelly


   Skills:
 - Level 1.0 Throwing
 - Level 1.3 Stealth
 + Level 5.2 Spellcasting
   Level 2.0 Transmutations
 * Level 2.8 Earth Magic
   Level 1.2 Poison Magic


You had 10 spell levels left.
You knew the following spells:

 Your Spells              Type           Power        Failure   Level  Hunger
a - Sandblast             Erth           ##....       6%          1    None
B - Summon Butterflies    Summ           #.......     17%         1    None


Dungeon Overview and Level Annotations

Branches:
Dungeon (3/15)

Altars:
Ashenzari
Cheibriados
Dithmenos
Elyvilon


Innate Abilities, Weirdness & Mutations

You cannot wear most types of armour.
You are amphibious.
You can wear up to eight rings at the same time.
You can use your tentacles to constrict eight enemies at once.
Your skin changes colour to match your surroundings (Stealth).
Your rubbery body absorbs attacks (AC +1).


Message History

Unknown command.
The quokka bites you.
The giant cockroach bites you but does no damage.
The adder bites you.
You climb upwards.
There is a stone staircase leading down here.
Damage: 9 (max 9)
The giant cockroach misses you. The adder misses you. The quokka misses you.
The giant cockroach bites you.
The giant cockroach bites you but does no damage.
The adder misses you.
Damage: 1 (max 9) Cast which spell? (? or * to list)
Aiming: Sandblast
Press: ? - help, Shift-Dir - straight line, f - adder
Aim: an adder You miscast Sandblast.
You are very lightly contaminated with residual magic.
Nothing appears to happen.
The adder bites you. The adder bites you.
* * * LOW HITPOINT WARNING * * *
Damage: 6 (max 9)
You closely miss the adder. Your grab misses the adder. The adder bites you.
* * * LOW HITPOINT WARNING * * *
You are lethally poisoned!
The adder poisons you!
Damage: 2 (max 9) Unknown command.
Drink which item? (? for menu, Esc to quit)
It was a potion of cure mutation.
It has a very clean taste.
* * * LOW HITPOINT WARNING * * *
You feel sick. The adder barely misses you.
Damage: 1 (max 9) Drink which item? (? for menu, Esc to quit)
It was a potion of curing.
You feel better. The adder bites you. The adder bites you.
* * * LOW HITPOINT WARNING * * *
Wield which item (- for none, * to show all)? (? for menu, Esc to quit)
Your +3 whip of electrocution stops crackling.
Z - 67 stones (in tentacle)
Casting: Sandblast
Confirm with . or Enter, or press ? or * to list all spells.
Aiming: Sandblast
Press: ? - help, Shift-Dir - straight line, f/p - adder
Aim: an adder The rocky blast hits the adder.
The adder is moderately wounded.
The adder bites you.
* * * LOW HITPOINT WARNING * * *
The adder bites you.
You die...

...# #.## #.# ...#
#..# #.# ### ...# ##.#
#.# #.# ...# #.##
#.#########.# ...#
#..# #.........#.#
...#
##.###.#######.#.#
...# #..##.#
#.#.###### ...#
##.##.# #.#.......
.#.# #..#@# #.#.######
...# ###.#S#### #.#.#
# .### #....rs..#
#.#.# .# #........#
#.#.# .# #........#
#.#.# .#
#....>...####'#'######
######
#....................#
.....#
#.)..................#
.....#
#....................'


You could see an adder, a quokka and a giant cockroach.

Vanquished Creatures
  An adder (D:2)
  An ooze (D:1)
  3 worms (D:2)
  2 giant geckos
  A ball python (D:1)
  6 goblins
  2 hobgoblins (D:2)
  5 kobolds
  A quokka (D:2)
  6 bats
  2 giant newts
  2 rats
32 creatures vanquished.

Notes
Turn   | Place    | Note
--------------------------------------------------------------
     0 | D:1      | Gorice the Octopode Wanderer began the quest for the Orb.
     0 | D:1      | Gorice set off with: a book of Geomancy, the Catalogue of Calling, a scroll of teleportation {!r}, a +0 club, a bread ration {!e}, a !bad item (cl:100,ty:0,pl:0,pl2:0,sp:0,qu:0), a !bad item (cl:100,ty:0,pl:0,pl2:0,sp:0,qu:0), a !bad item (cl:100,ty:0,pl:0,pl2:0,sp:0,qu:0), a !bad item (cl:100,ty:0,pl:0,pl2:0,sp:0,qu:0), a !bad item (cl:100,ty:0,pl:0,pl2:0,sp:0,qu:0), a !bad item (cl:100,ty:0,pl:0,pl2:0,sp:0,qu:0), a !bad item (cl:100,ty:0,pl:0,pl2:0,sp:0,qu:0), a !bad item (cl:100,ty:0,pl:0,pl2:0,sp:0,qu:0), a !bad item (cl:100,ty:0,pl:0,pl2:0,sp:0,qu:0), a !bad item (cl:100,ty:0,pl:0,pl2:0,sp:0,qu:0), a !bad item (cl:100,ty:0,pl:0,pl2:0,sp:0,qu:0), a !bad item (cl:100,ty:0,pl:0,pl2:0,sp:0,qu:0), a !bad item (cl:100,ty:0,pl:0,pl2:0,sp:0,qu:0), a !bad item (cl:100,ty:0,pl:0,pl2:0,sp:0,qu:0), a !bad item (cl:100,ty:0,pl:0,pl2:0,sp:0,qu:0), a !bad item (cl:100,ty:0,pl:0,pl2:0,sp:0,qu:0), a !bad item (cl:100,ty:0,pl:0,pl2:0,sp:0,qu:0), a !bad item (cl:100,ty:0,pl:0,pl2:0,sp:0,qu:0), a !bad item (cl:100,ty:0,pl:0,pl2:0,sp:0,qu:0), a !bad item (cl:100,ty:0,pl:0,pl2:0,sp:0,qu:0), a !bad item (cl:100,ty:0,pl:0,pl2:0,sp:0,qu:0), a !bad item (cl:100,ty:0,pl:0,pl2:0,sp:0,qu:0), a !bad item (cl:100,ty:0,pl:0,pl2:0,sp:0,qu:0), a !bad item (cl:100,ty:0,pl:0,pl2:0,sp:0,qu:0), a !bad item (cl:100,ty:0,pl:0,pl2:0,sp:0,qu:0), a !bad item (cl:100,ty:0,pl:0,pl2:0,sp:0,qu:0), a !bad item (cl:100,ty:0,pl:0,pl2:0,sp:0,qu:0), a !bad item (cl:100,ty:0,pl:0,pl2:0,sp:0,qu:0), a !bad item (cl:100,ty:0,pl:0,pl2:0,sp:0,qu:0), a !bad item (cl:100,ty:0,pl:0,pl2:0,sp:0,qu:0), a !bad item (cl:100,ty:0,pl:0,pl2:0,sp:0,qu:0), a !bad item (cl:100,ty:0,pl:0,pl2:0,sp:0,qu:0), a !bad item (cl:100,ty:0,pl:0,pl2:0,sp:0,qu:0), a !bad item (cl:100,ty:0,pl:0,pl2:0,sp:0,qu:0), a !bad item (cl:100,ty:0,pl:0,pl2:0,sp:0,qu:0), a !bad item (cl:100,ty:0,pl:0,pl2:0,sp:0,qu:0), a !bad item (cl:100,ty:0,pl:0,pl2:0,sp:0,qu:0), a !bad item (cl:100,ty:0,pl:0,pl2:0,sp:0,qu:0), a !bad item (cl:100,ty:0,pl:0,pl2:0,sp:0,qu:0), a !bad item (cl:100,ty:0,pl:0,pl2:0,sp:0,qu:0), a !bad item (cl:100,ty:0,pl:0,pl2:0,sp:0,qu:0), a !bad item (cl:100,ty:0,pl:0,pl2:0,sp:0,qu:0), a !bad item (cl:100,ty:0,pl:0,pl2:0,sp:0,qu:0), a !bad item (cl:100,ty:0,pl:0,pl2:0,sp:0,qu:0), a !bad item (cl:100,ty:0,pl:0,pl2:0,sp:0,qu:0), a !bad item (cl:100,ty:0,pl:0,pl2:0,sp:0,qu:0), a !bad item (cl:100,ty:0,pl:0,pl2:0,sp:0,qu:0)
     0 | D:1      | Reached XP level 1. HP: 11/11 MP: 6/6
     0 | D:1      | Identified the Catalogue of Calling
     2 | D:1      | Learned a level 1 spell: Sandblast
     4 | D:1      | Learned a level 1 spell: Summon Butterflies
    61 | D:1      | Reached skill level 1 in Earth Magic
   179 | D:1      | Reached XP level 2. HP: 17/17 MP: 5/8
  1111 | D:2      | Reached skill level 2 in Earth Magic
  1189 | D:2      | Reached XP level 3. HP: 19/21 MP: 7/9
  1196 | D:2      | Found a shadowy altar of Dithmenos.
  1227 | D:2      | Found a snail-covered altar of Cheibriados.
  1227 | D:2      | Found a shattered altar of Ashenzari.
  1231 | D:2      | Found a white marble altar of Elyvilon.
  2026 | D:2      | HP: 4/21 [adder (4)]
  2028 | D:2      | HP: 1/21 [poisoned by an adder]
  2031 | D:2      | Slain by an adder

Vault maps used:
D:1:      minmay_arrival_plants_in_alcoves, serial_forest,
          infiniplex_forest_clump_double, infiniplex_forest_corner_1,
          infiniplex_forest_lined_corner, infiniplex_forest_lined_4_way,
          infiniplex_forest_straight_2, infiniplex_forest_clump_small
D:2:      grunt_temple_overflow_open
D:3:      ecumenical_altar_1, first_bread

Action                   || total
-------------------------++-------
Melee: Club              ||    29
       Whip              ||    17
 Cast: Sandblast         ||    31
  Use: Scroll            ||     6
       Potion            ||     2
 Stab: Sleeping          ||     4
  Eat: Chunk             ||     3

Table legend:
 A = Turns spent in this place as a percentage of turns spent in the entire game.
 B = Non-inter-level travel turns spent in this place as a percentage of non-inter-level travel turns spent in the entire game.
 C = Inter-level travel turns spent in this place as a percentage of turns spent in this place.
 D = Turns resting spent in this place as a percentage of non-inter-level travel turns spent in this place.
 E = Turns spent auto-exploring this place as a percentage of non-inter-level travel turns spent in this place.
 F = Non-inter-level travel turns spent in this place divided by the number of levels of this place that you've seen.
                   A       B       C       D       E      F
               +-------+-------+-------+-------+-------+----------------------
         Total | 100.0 | 100.0 |   0.6 |   2.8 |   6.7 | 164.7
       Dungeon | 100.0 | 100.0 |   0.6 |   2.8 |   6.7 | 164.7
               +-------+-------+-------+-------+-------+----------------------

Vault maps used:
D:1:      minmay_arrival_plants_in_alcoves, serial_forest,
          infiniplex_forest_clump_double, infiniplex_forest_corner_1,
          infiniplex_forest_lined_corner, infiniplex_forest_lined_4_way,
          infiniplex_forest_straight_2, infiniplex_forest_clump_small
D:2:      grunt_temple_overflow_open
D:3:      ecumenical_altar_1, first_bread
